 Dungeon Crawl Stone Soup version 0.28-a0-1347-g113dc556a4 (webtiles) character file.

Game seed: 1947898684303575472

1532 freelancePsychic the Carver (level 8, 0/73 HPs)
             Began as a Minotaur Chaos Knight on Dec 30, 2021.
             Was a Plaything of Xom.
             Hit by a javelin thrown by a centaur (2 damage)
             ... in a bailey.
             The game lasted 00:17:07 (7368 turns).

freelancePsychic the Carver (Minotaur Chaos Knight) Turns: 7368, Time: 00:17:09

Health: 0/73       AC:  9    Str: 19 (21) XL:     8   Next: 55%
Magic:  0/7        EV:  7    Int:  8 (9)  God:    Xom [......]
Gold:   159        SH:  0    Dex: 10 (12) Spells: 7/7 levels left

rFire   + . .      SeeInvis .   b - +0 short sword (venom)
rCold   . . .      Faith    .   i - orb {light}
rNeg    . . .      Spirit   +   d - +1 chain mail
rPois   .          Reflect  .   (helmet restricted)
rElec   .          Harm     .   (no cloak)
rCorr   .          Rampage  .   (no gloves)
Will    .....                   (no boots)
Stlth   ..........              e - amulet of guardian spirit
HPRegen 0.22/turn               v - ring "Daotehas" {Fly rF+}
MPRegen 0.10/turn               (no ring)

@: flying, glowing
A: horns 2, retaliatory headbutt, agile 1, deterioration 1, strong 1, subdued
magic 1
a: Renounce Religion


You were in a bailey.
You worshipped Xom.
You were a very special plaything of Xom.
You visited 1 branch of the dungeon, and saw 7 of its levels.
You also visited: Bailey.

You collected 387 gold pieces.
You spent 228 gold pieces at shops.

Inventory:

Hand Weapons
 a - a +0 falchion of protection
 b - a +0 short sword of venom (weapon)
Missiles
 h - 2 throwing nets
 j - 22 poisoned darts
 o - 5 boomerangs
Armour
 d - a +1 chain mail (worn)
 i - an orb of light (worn)
 p - a +2 leather armour
 q - a +0 tower shield
 u - a +0 plate armour
 y - a +0 pair of gloves
Jewellery
 e - an amulet of guardian spirit (around neck)
 f - a ring of fire
 v - the ring "Daotehas" (left hand) {Fly rF+}
   (You bought it in a shop on level 1 of the Dungeon)

   [ring of flight]

   rF:        It protects you from fire.
   Fly:       It grants you flight.
 A - an amulet of the acrobat
Wands
 t - a wand of iceblast (6)
 z - a wand of flame (13)
 C - a wand of charming (9) (quivered)
 F - a wand of digging (5)
Scrolls
 l - a scroll of noise
 m - a scroll of silence
 s - a scroll of enchant armour
 D - a scroll of enchant weapon
 G - a scroll of identify {@r1}
Potions
 c - a potion of haste {@q3}
 k - 3 potions of lignification
 r - a potion of attraction
 E - a potion of mutation


   Skills:
 + Level 7.1 Fighting
 * Level 9.6 Long Blades
 + Level 3.9 Throwing
 - Level 2.4 Armour
 - Level 1.1 Dodging
 + Level 4.7 Shields


You had 7 spell levels left.
You didn't know any spells.
Your spell library contained the following spells:

 Spells                   Type           Power      Damage    Failure   Level
 Animate Skeleton         Necr           0%         N/A       99%         1
 Apportation              Tloc           0%         N/A       99%         1
 Pain                     Necr           0%         1d4       99%         1
 Vampiric Draining        Necr           0%         2d6       100%        3
 Summon Lightning Spire   Summ/Air       0%         N/A       100%        4
 Alistair's Intoxication  Tmut/Pois      0%         N/A       100%        5
 Storm Form               Tmut/Air       0%         N/A       100%        7
 Maxwell's Capacitive Co  Air            0%         ∞         100%        8


Dungeon Overview and Level Annotations

Branches:
Dungeon (7/15)             Temple (0/1) D:4          Bailey (1/1)

Altars:
Xom

Shops:
D:1 *   D:6 (


Innate Abilities, Weirdness & Mutations

You have a pair of horns on your head.
You reflexively headbutt those who attack you in melee.
You are agile. (Dex +2)
Your body sometimes deteriorates upon taking damage.
Your muscles are strong. (Str +2)
Your spells are a little easier to cast, but a little less powerful.


Message History

The centaur throws a javelin.
The javelin pierces through you.
Unknown command.
Unknown command.
Unknown command.
Unknown command.
The orc shouts!
You hear a shout! x3
A centaur comes into view. It is wielding a +0 spear.
The centaur throws a javelin.
The javelin pierces through you. The centaur hits you with a +0 trident.
The centaur barely misses you. The centaur hits you with a +0 trident.
* * * LOW HITPOINT WARNING * * *
The centaur kicks you but does no damage.
You hit the centaur.
The centaur is poisoned.
You headbutt the centaur.
The centaur is heavily wounded.
The centaur hits you from afar with a +0 halberd!
* * * LOW HITPOINT WARNING * * *
The centaur hits you but does no damage.
The centaur kicks you.
* * * LOW HITPOINT WARNING * * *
Your chain mail prevents you from hitting the centaur.
The centaur is heavily wounded.
The centaur barely misses you.
The centaur hits you but does no damage.
The centaur kicks you but does no damage.
The orc hits you but does no damage.
The centaur throws a javelin.
The javelin pierces through you.
* * * LOW HITPOINT WARNING * * *
The javelin barely misses the centaur.
Blink to where?
Press: ? - help, Dir - move target 3 orcs, an orc warrior and a centaur come into view.
Found 3 scrolls of enchant weapon, a runed glaive and a phial of floods.
As you read the scroll of blinking, it crumbles to dust.
The orc shouts!
The centaur shouts!
The orc shouts!
You hear a shout!
An orc warrior comes into view. It is wielding a +0 halberd.
The centaur throws a javelin.
The javelin pierces through you.
* * * LOW HITPOINT WARNING * * *
The centaur throws a javelin.
The javelin pierces through you.
You die...
Xom thinks this is hilarious!

.......oo....≈c
..≈≈≈≈≈≈≈.o..≈≈
≈≈≈≈≈≈≈≈≈≈≈...≈
≈≈≈≈≈≈≈≈≈≈≈≈..≈
≈≈≈≈})?≈≈≈≈o...
≈≈≈≈≈≈≈≈≈≈≈≈..≈
≈≈≈≈≈≈≈≈≈≈≈.o.≈
..≈≈≈≈≈@≈....≈≈.
.............≈.≈≈
⌠.........⌠.≈≈.≈≈
............≈.≈≈≈
≈......o..≈≈≈c≈≈≈
≈≈≈.....≈≈≈..≈≈≈≈
..≈≈≈≈≈≈≈..≈≈≈≈≈≈
≈≈....cc§≈≈≈≈≈≈≈≈
≈≈≈≈≈≈≈≈≈≈≈≈≈≈≈#


You could see 2 orc warriors, 4 centaurs and 4 orcs.

Vanquished Creatures
  A sky beast (D:6)
  An ice beast (D:5)
  A black bear (D:6)
  An ogre (D:4)
  A centaur (D:6)
  A phantom (D:5)
  A scorpion (D:4)
  A wyvern skeleton (D:5)
  A water moccasin skeleton (D:4)
  A howler monkey (D:6)
  A centaur zombie (D:6)
  3 hounds
  A bullfrog zombie (D:6)
  3 jellies (D:6)
  2 orc priests (D:5)
  A bullfrog skeleton (D:5)
  2 gnoll shamans
  An iguana (D:6)
  3 orc wizards
  5 adders
  10 gnolls
  A shadow imp (D:7)
  A white imp (D:6)
  3 ufetubi
  2 adder skeletons
  2 worms
  3 dart slugs
  21 orcs
  6 ball pythons
  8 endoplasms
  6 giant cockroaches
  5 goblins
  3 hobgoblins
  10 jackals
  9 kobolds
  6 quokkas
  2 bats (D:2)
  2 frilled lizards
  4 rats
136 creatures vanquished.

Vanquished Creatures (collateral kills)
  An ogre (D:4)
1 creature vanquished.

Grand Total: 137 creatures vanquished

Notes
Turn   | Place    | Note
-------+----------+-------------------------------------------
     0 | D:1      | freelancePsychic the Minotaur Chaos Knight began the quest
                  | for the Orb.
     0 | D:1      | Reached XP level 1. HP: 19/19 MP: 0/0
    13 | D:1      | XOM: divination: magic mapping
   107 | D:1      | Reached skill level 4 in Long Blades
   122 | D:1      | Reached XP level 2. HP: 26/27 MP: 1/1
   235 | D:1      | Found Dirutegg's Assorted Antiques.
   465 | D:1      | Reached XP level 3. HP: 27/33 MP: 2/2
   534 | D:1      | XOM: silly message
   917 | D:2      | Reached skill level 5 in Long Blades
  1396 | D:2      | Reached XP level 4. HP: 41/41 MP: 3/3
  1467 | D:2      | XOM is BORED!
  1467 | D:2      | XOM: give mutations
  1467 | D:2      | Gained mutation: You occasionally shout uncontrollably at
                  | your foes. [Xom's mischief]
  1467 | D:2      | Gained mutation: You are dopey. (Int -2) [Xom's mischief]
  1467 | D:2      | Gained mutation: You are very dopey. (Int -4) [Xom's
                  | mischief]
  2390 | D:3      | Found a faded altar of an unknown god.
  2649 | D:3      | XOM: divination: magic mapping
  2738 | D:4      | Reached skill level 6 in Long Blades
  2815 | D:4      | Reached XP level 5. HP: 46/47 MP: 4/4
  2853 | D:4      | Reached skill level 5 in Fighting
  3165 | D:4      | Noticed an ogre
  3165 | D:4      | XOM: 1-stop teleportation journey
  3178 | D:4      | XOM: noise
  3190 | D:4      | XOM: destruction
  3192 | D:4      | Killed an ogre
  3193 | D:4      | Reached skill level 1 in Shields
  3370 | D:4      | Reached skill level 1 in Throwing
  3372 | D:4      | Reached XP level 6. HP: 55/56 MP: 3/5
  3512 | D:4      | XOM: scenery: 1 doors close
  3522 | D:4      | XOM: cast spell 'Call Canine Familiar'
  3528 | D:4      | Reached skill level 7 in Long Blades
  4051 | D:4      | Found a staircase to the Ecumenical Temple.
  4077 | D:5      | Entered Level 5 of the Dungeon
  4153 | D:5      | XOM: cleaving
  4158 | D:5      | Reached XP level 7. HP: 24/62 MP: 4/6
  4552 | D:5      | XOM: cloud trail
  5108 | D:4      | XOM: give mutations
  5108 | D:4      | Lost mutation: You are very dopey. (Int -4) [Xom's
                  | mischief]
  5108 | D:4      | Lost mutation: You are dopey. (Int -2) [Xom's mischief]
  5108 | D:4      | Gained mutation: You are dopey. (Int -2) [Xom's mischief]
  5108 | D:4      | Gained mutation: Your body sometimes deteriorates upon
                  | taking damage. [Xom's mischief]
  5176 | D:5      | Reached skill level 8 in Long Blades
  5236 | D:5      | XOM: cast spell 'Olgreb's Toxic Radiance'
  5337 | D:5      | Identified the +3 hand axe of Boepuim {speed, rElec Str+5}
  5855 | D:1      | Bought a steaming bone ring for 105 gold pieces
  5855 | D:1      | Identified the ring "Daotehas" {Fly rF+} (You bought it in
                  | a shop on level 1 of the Dungeon)
  5856 | D:1      | Bought a glowing pearl amulet for 105 gold pieces
  5856 | D:1      | Bought a blue potion for 18 gold pieces
  6087 | D:6      | Found Inileuhu's Firing Range.
  6087 | D:6      | XOM: 3-stop teleportation journey
  6220 | D:6      | Reached XP level 8. HP: 61/71 MP: 5/7
  6329 | D:6      | XOM: 3-stop teleportation journey
  6444 | D:6      | Reached skill level 9 in Long Blades
  6523 | D:6      | XOM: scenery: create altars
  6534 | D:6      | XOM: summons friendly shadow imp
  6737 | D:6      | XOM: cleaving
  6885 | D:7      | XOM: noise
  6917 | D:7      | Identified the +0 scale mail "Nealuol" {Rampage rPois
                  | Int-4}
  6967 | D:7      | Noticed a manticore
  6970 | D:7      | XOM: summons 2 hostile shadow creatures
  6971 | D:7      | Noticed a troll
  6988 | D:7      | HP: 1/73 [manticore (16)]
  7301 | D:7      | Found a flagged portal.
  7307 | Bailey   | Entered a bailey
  7360 | Bailey   | XOM: enchant monster (bad)
  7360 | Bailey   | HP: 3/73 [something (1)]
  7361 | Bailey   | Lost mutation: You are dopey. (Int -2) [potion of mutation]
  7361 | Bailey   | Lost mutation: Your body sometimes deteriorates upon taking
                  | damage. [potion of mutation]
  7361 | Bailey   | Lost mutation: You occasionally shout uncontrollably at
                  | your foes. [potion of mutation]
  7361 | Bailey   | Gained mutation: Your body sometimes deteriorates upon
                  | taking damage. [potion of mutation]
  7361 | Bailey   | Gained mutation: Your muscles are strong. (Str +2) [potion
                  | of mutation]
  7361 | Bailey   | Gained mutation: Your spells are a little easier to cast,
                  | but a little less powerful. [potion of mutation]
  7361 | Bailey   | Gained mutation: You are agile. (Dex +2) [potion of
                  | mutation]
  7368 | Bailey   | HP: 2/73 [centaur/javelin (4)]
  7368 | Bailey   | Hit by a javelin thrown by a centaur

Illustrated notes

Levels and vault maps discovered:
D:1:      dpeg_arrival_orchard, layout_basic, serial_shops,
          nicolae_shop_hallway_stairs, hangedman_decor_peaks_small,
          minmay_octomino_j4
D:2:      layout_loops_corners
D:3:      layout_loops_cross, dreamdust_ecumenical_altar_grove,
          hangedman_decor_points
D:4:      minmay_chambers_of_twos, layout_rooms, minmay_temple_entry_poolview
D:5:      layout_loops_corners
D:6:      layout_loops_ring, nicolae_shop_firing_range
D:7:      layout_layer_cave, nicolae_ru_sacrificial_ziggurat, enter_bailey_4
Bailey:   bailey_polearm_flooded_kennysheep, bailey

Skill      XL: |  1  2  3  4  5  6  7  8 |
---------------+-------------------------+-----
Long Blades    | 4 5 6 7 8 9 |  9.6
Fighting       | 4 5 6 7 |  7.1
Shields        | 1 2 3 4 |  4.7
Throwing       | 1 2 3 |  3.9
Armour         | |  2.4
Dodging        | |  1.1

Action                   |  1- 3 |  4- 6 |  7- 9 || total
-------------------------+-------+-------+-------++-------
Melee: Falchion          |    92 |    67 |       ||   159
       Headbutt          |     6 |    26 |    28 ||    60
       Short sword       |       |    93 |   169 ||   262
Throw: Boomerang         |       |     4 |     4 ||     8
       Dart              |       |     4 |       ||     4
Evoke: Wand              |       |       |     2 ||     2
  Use: Scroll            |     2 |     3 |    12 ||    17
       Potion            |       |     2 |     8 ||    10
 Stab: Invisible         |       |     1 |       ||     1
       Sleeping          |       |     1 |       ||     1
Armor: Leather armour    |     6 |       |       ||     6
       Chain mail        |    55 |    89 |   104 ||   248
Dodge: Dodged            |    34 |    42 |    73 ||   149

Table legend: (Time is in decaauts)
 A = Elapsed time spent in this place.
 B = Non-inter-level travel time spent in this place.
 C = Inter-level travel time spent in this place.
 D = Time resting spent in this place.
 E = Time spent auto-exploring this place.
 F = Levels seen in this place.
 G = Mean time per level.
                   A        B        C        D        E       F      G
               +--------+--------+--------+--------+--------+-----+--------+
         Total |   7331 |   6962 |    369 |    600 |   5116 |   8 |  916.4 |
       Dungeon |   7273 |   6904 |    369 |    600 |   5116 |   7 | 1039.0 |
        Bailey |     57 |     57 |      0 |      0 |      0 |   1 |   57.0 |
               +--------+--------+--------+--------+--------+-----+--------+

Top non-repeatable levels by time:
     D:5: 1545 daAuts
     D:4: 1465 daAuts
     D:2: 1195 daAuts
     D:3: 1064 daAuts
     D:6: 932 daAuts
     D:1: 696 daAuts
     D:7: 373 daAuts
  Bailey: 57 daAuts
